 Dungeon Crawl Stone Soup version 0.29.1-12-g30fa7ad0bf (webtiles) character file.

Game seed: 12111306752230149542

38 kingofthe the Caller (level 3, 0/24 HPs)
             Began as a Merfolk Summoner on Jan 14, 2023.
             Slain by a jackal (3 damage)
             ... on level 2 of the Dungeon.
             The game lasted 00:05:00 (2139 turns).

kingofthe the Caller (Merfolk Summoner)             Turns: 2139, Time: 00:05:05

Health: 0/24       AC:  2    Str:  8    XL:     3   Next: 43%
Magic:  6/6        EV: 17    Int: 14    God:
Gold:   51         SH:  0    Dex: 16    Spells: 5/6 levels left

rFire   . . .      SeeInvis .   c - +0 dagger
rCold   . . .      Faith    .   (no shield)
rNeg    . . .      Spirit   .   a - +0 robe
rPois   .          Reflect  .   (no helmet)
rElec   .          Harm     .   (no cloak)
rCorr   .          Rampage  .   (no gloves)
Will    .....                   (boots currently unavailable)
Stlth   +++.......              k - amulet of magic regeneration
HPRegen 0.08/turn               (no ring)
MPRegen 0.50/turn               (no ring)

@: very quick
A: nimble swimmer 2, mertail
a: no special abilities


You were on level 2 of the Dungeon.
You visited 1 branch of the dungeon, and saw 2 of its levels.

You collected 51 gold pieces.

Inventory:

Hand Weapons
 c - a +0 dagger (weapon)
 j - a +0 short sword
 p - a +0 sling
Missiles
 o - 11 stones
Armour
 a - a +0 robe (worn)
Magical Staves
 q - a staff of earth
Jewellery
 k - an amulet of magic regeneration (around neck)
Scrolls
 d - a scroll of identify {unknown}
 f - 2 scrolls of noise {unknown}
 g - a scroll of amnesia {unknown}
 l - a scroll of magic mapping {unknown}
 r - a scroll of enchant weapon {unknown}
 s - a scroll of fog {unknown}
 t - a scroll of poison {unknown}
Potions
 b - a potion of magic
 e - 3 potions of mutation {unknown}
 h - 2 potions of curing {unknown}
 i - a potion of might {unknown}
 m - a potion of heal wounds {unknown}
 n - 2 potions of invisibility {unknown}


   Skills:
 + Level 4.0 Dodging
 + Level 3.4 Stealth
 + Level 2.0 Spellcasting
 + Level 4.0 Summonings


You had 5 spell levels left.
You knew the following spells:

 Your Spells              Type           Power      Damage    Failure   Level
a - Summon Small Mammal   Summ           48%        N/A       4%          1

Your spell library contained the following spells:

 Spells                   Type           Power      Damage    Failure   Level
 Call Imp                 Summ           12%        N/A       7%          2
 Call Canine Familiar     Summ           12%        N/A       14%         3
 Summon Guardian Golem    Hex/Summ       7%         N/A       30%         3
 Static Discharge         Conj/Air       1%         3-4/arc   34%         2
 Summon Lightning Spire   Summ/Air       7%         N/A       71%         4
 Dispel Undead            Necr           1%         3d6       93%         4
 Sticky Flame             Conj/Fire      1%         2d3       93%         4


Dungeon Overview and Level Annotations

Branches:
Dungeon (2/15)

Altars:
Gozag

Annotations:
D:2 Terence


Innate Abilities, Weirdness & Mutations

You are very nimble when in or above water. (Stealth+, EV+, Speed+++)
Your lower body shifts to a powerful aquatic tail in water.


Message History

Your bat barely misses the jackal.
The jackal bites your rat.
Your rat dies!
Your rat's corpse disappears in a puff of smoke!
The endoplasm barely misses you. The jackal barely misses you. x2
You hit the endoplasm.
The endoplasm is heavily wounded.
The jackal bites you.
Your bat hits the jackal. The jackal bites you.
The endoplasm barely misses you. The jackal completely misses you.
Casting: Summon Small Mammal (safe; 4% risk of failure)
Confirm with . or Enter, or press ? or * to list all spells.
The jackal barely misses you. The jackal misses you.
Your bat hits the jackal but does no damage.
The endoplasm closely misses you. The jackal bites you. x2
The jackal misses you.
Your bat hits the jackal but does no damage.
You hit the endoplasm.
You tail-slap the endoplasm, but do no damage.
The endoplasm is almost dead.
Your bat hits the jackal but does no damage.
Your bat misses the jackal. The jackal completely misses you.
The jackal splashes around in the water.
The jackal closely misses you. The endoplasm freezes you.
You are frozen.
* * * LOW HITPOINT WARNING * * *
Your rat closely misses the rat.
Your bat hits the jackal but does no damage.
You hit the endoplasm.
You kill the endoplasm!
Your bat hits the jackal. The jackal bites you.
* * * LOW HITPOINT WARNING * * *
The jackal splashes around in the water.
The jackal bites you.
* * * LOW HITPOINT WARNING * * *
Your bat misses the jackal. The jackal completely misses you.
The jackal splashes around in the water.
Your bat hits the jackal but does no damage.
Your rat bites the jackal but does no damage.
The jackal bites you.
You die...

..# ....# ...# ...# ..?#
##.## ##b..## ####rhh..#.#
######....h@~...#
.#......##.r~..#.# #######
.........##...## #†.....
......J...##.## # #.####.
.......h##r#..##.######.####.
#.......##.......#......#....
#.##.......##.####.####.#.#..
#.......#...#.# #.####.#.#..
#######.......# #.#.........


You could see 3 jackals, a rat (ally target), a friendly bat (summoned) and a
friendly rat (summoned).

Vanquished Creatures
  3 ball pythons
  6 endoplasms
  A giant cockroach (D:1)
  A hobgoblin (D:1)
  A quokka (D:1)
  4 bats
  A goblin (D:2)
  3 kobolds
  2 rats
22 creatures vanquished.

Vanquished Creatures (collateral kills)
  An adder (D:2)
  2 goblins (D:1)
  A hobgoblin (D:1)
  A kobold (D:1)
  A frilled lizard (D:1)
  A rat (D:2)
7 creatures vanquished.

Vanquished Creatures (others)
  2 plants (D:1)
2 creatures vanquished.

Grand Total: 31 creatures vanquished

Notes
Turn   | Place    | Note
-------+----------+-------------------------------------------
     0 | D:1      | kingofthe the Merfolk Summoner began the quest for the Orb.
     0 | D:1      | Reached XP level 1. HP: 13/13 MP: 3/3
   188 | D:1      | Found an opulent altar of Gozag.
   603 | D:1      | Reached XP level 2. HP: 2/19 MP: 3/5
  1407 | D:1      | Noticed an eye of devastation
  1409 | D:1      | Found a faded altar of an unknown god.
  1412 | D:1      | Noticed a golden eye
  1417 | D:1      | Noticed a floating eye
  1419 | D:1      | Noticed a floating eye
  1596 | D:2      | Noticed Terence
  1608 | D:2      | Reached XP level 3. HP: 24/24 MP: 6/6
  2139 | D:2      | Slain by a jackal

Illustrated notes

Levels and vault maps discovered:
D:1:      dpeg_arrival_lava_altar, layout_rooms,
          hellmonk_ecumenical_altar_watching_god, serial_bayou_pond_c,
          minmay_pentomino_s2
D:2:      layout_loops_cross, basic_altar, amcnicky_mini_pool_small,
          uniq_terence, uniq_sigmund

Skill      XL: |  1  2  3 |
---------------+----------+-----
Dodging        | 3 4 |  4.0
Stealth        | 3 |  3.4
Spellcasting   | |  2.0
Summonings     | |  4.0

Action                   || total
-------------------------++-------
Melee: Dagger            ||    85
       Unarmed           ||     5
       Tailslap          ||     3
 Cast: Summon Small Mamm ||    13
 Stab: Sleeping          ||     7
Armor: Robe              ||    36
Dodge: Dodged            ||   112
